 Dungeon Crawl Stone Soup version 0.14-a0-2001-g390038d (webtiles) character file.

2934 Kae the Conjurer (level 9, -1/45 HPs)
             Began as a Tengu Fire Elementalist on Jan 18, 2014.
             Was an Initiate of Vehumet.
             Slain by a spriggan baker
             ... wielding a +0,+0 dagger
              (6 damage)
             ... on Level 7 of the Dungeon.
             The game lasted 00:17:38 (10339 turns).

Kae the Conjurer (Tengu Fire Elementalist)         Turns: 10339, Time: 00:17:38

HP  -1/45        AC  2     Str 10      XL: 9   Next: 62%
MP   9/17        EV 12     Int 18      God: Vehumet [......]
Gold 281         SH  0     Dex 14      Spells:  4 memorised,  2 levels left

rFire  . . .     SeeInvis .     u - +0,+4 short sword (holy)
rCold  . . .     Clarity  .     x - +0 robe (curse)
rNeg   . . .     Conserve .     (no shield)
rPois  .         rCorr    .     (helmet restricted)
rElec  .         rRot     .     (no cloak)
SustAb . .       Spirit   .     (no gloves)
rMut   +         Warding  .     (boots unavailable)
Saprov . . .     Stasis   .     e - amulet of resist mutation
MR     .....                    (no ring)
                                (no ring)

@: not resistant to hostile enchantments, fairly stealthy
A: able to fly, beak, talons 3
a: Fly, Renounce Religion


You were on level 7 of the Dungeon.
You worshipped Vehumet.
Vehumet was noncommittal.
You were very hungry.

You visited 2 branches of the dungeon, and saw 8 of its levels.
You also visited: Sewer.

You collected 331 gold pieces.
You spent 50 gold pieces at shops.

Inventory:

Hand weapons
 d - a +1,+1 short sword
 u - a +0,+4 short sword of holy wrath (weapon)
Missiles
 s - 9 tomahawks (quivered)
Armour
 x - a cursed +0 robe (worn)
Magical devices
 g - a wand of disintegration (9) {unknown}
 r - a wand of cold (15)
Comestibles
 c - 5 bread rations
 f - 4 meat rations
 p - 2 apples
 v - a pear
 w - a sausage
 A - a choko
 D - a banana
Scrolls
 i - 3 scrolls of recharging
 k - 8 scrolls of identify
 n - 9 scrolls of remove curse
 o - a scroll of teleportation
 q - a scroll of enchant armour
 t - a scroll of noise
 G - a scroll of enchant weapon II
Jewellery
 e - an amulet of resist mutation (around neck)
Potions
 a - 2 potions of mutation
 h - a potion of confusion
 j - 5 potions of heal wounds
 l - 2 potions of might
 m - 8 potions of curing
 z - a potion of poison
 B - a potion of agility
 C - a potion of paralysis {unknown}
 F - a potion of resistance {unknown}
Books
 b - a book of Flames

   Spells                             Type                      Level
   *Flame Tongue                      Conjuration/Fire             1
   *Throw Flame                       Conjuration/Fire             2
   *Conjure Flame                     Conjuration/Fire             3
   Inner Flame                        Hexes/Fire                   3
   *Sticky Flame                      Conjuration/Fire             4
   Fireball                           Conjuration/Fire             5


   Skills:
 - Level 2.1 Dodging
 - Level 2.0 Stealth
 - Level 2.0 Spellcasting
 + Level 11.8 Conjurations
 + Level 10.3 Fire Magic


You had 2 spell levels left.
You knew the following spells:

 Your Spells              Type           Power        Failure   Level  Hunger
a - Flame Tongue          Conj/Fire      #####        1%          1    #......
b - Throw Flame           Conj/Fire      #####.       1%          2    ##.....
c - Conjure Flame         Conj/Fire      #####...     1%          3    ####...
d - Sticky Flame          Conj/Fire      #####...     1%          4    #####..


Dungeon Overview and Level Annotations

Branches:
Dungeon (7/16)             Temple (1/1) D:7

Altars:
Ashenzari
Cheibriados
Dithmengos
Elyvilon
Fedhas
Kikubaaqudgha
Makhleb
Nemelex Xobeh
Okawaru
Sif Muna
Trog
Vehumet
Xom
Yredelemnul
Zin
the Shining One

Shops:
D:4 *   D:6 !


Innate Abilities, Weirdness & Mutations

You can fly.
You have a beak for a mouth.
You have claws for feet.


Message History

The spriggan baker hits you but does no damage.
Casting: Flame Tongue
Confirm with . or Enter, or press ? or * to list all spells.
Aiming: Flame Tongue
Press: ? - help, Shift-Dir - straight line, f/p - spriggan baker
Aim: a spriggan baker, wielding a dagger and wearing an elven robe (moderately wounded)
The flame hits the spriggan baker.
The spriggan baker is heavily wounded.
The spriggan baker hits you with a dagger.
* * * LOW HITPOINT WARNING * * *
Casting: Flame Tongue
Confirm with . or Enter, or press ? or * to list all spells.
Aiming: Flame Tongue
Press: ? - help, Shift-Dir - straight line, f/p - spriggan baker
Aim: a spriggan baker, wielding a dagger and wearing an elven robe (heavily wounded)
The flame misses the spriggan baker.
The spriggan baker hits you with a dagger.
* * * LOW HITPOINT WARNING * * *
The spriggan baker hits you with a dagger.
You die...

######## #..@..%# #.##i#%# #.# ##
##### # #### ######.## ######...
. ...######.......##
##....#.######
.#........#..#...###.##..(.##....
....#####...##...................
#.#.# ######...###..#.....###.#
#.#.# #...........##%#.## ##.


You could see a spriggan baker.

Vanquished Creatures
  Pikel (D:4)
  Edmund (D:4)
  A phantom (D:6)
  A sky beast (D:5)
  2 slaves
  2 ogres
  5 centaurs
  3 giant frogs
  A big kobold (Sewer)
  A troll zombie (D:7)
  A giant goldfish zombie (D:7)
  A goliath beetle (D:6)
  2 crimson imps (D:6)
  3 jellies
  A big fish (Sewer)
  A scorpion (D:5)
  A water moccasin zombie (D:7)
  An iguana (D:7)
  A hound (D:5)
  2 orc priests (D:3)
  A gnoll shaman (D:7)
  3 orc wizards (D:7)
  2 worker ants
  Ijyb (D:4)
  A mummy (D:6)
  8 adders
  A big fish zombie (D:7)
  15 gnolls
  2 giant mites (D:6)
  3 worms
  6 grey rats
  2 giant eyeballs
  10 giant geckos
  2 oozes
  19 orcs
  15 hobgoblins
  4 quokkas
  2 ball pythons
  11 bats
  3 giant cockroaches
  4 giant newts
  10 goblins
  2 hobgoblin zombies (D:6)
  12 jackals
  16 kobolds
  A kobold skeleton (D:4)
  2 kobold zombies
  2 orc skeletons
  An orc zombie (D:6)
  15 rats
208 creatures vanquished.

Vanquished Creatures (others)
  A worker ant (D:4)
  An adder (D:4)
  An orc (D:4)
  A bat (D:4)
4 creatures vanquished.

Grand Total: 212 creatures vanquished

Notes
Turn   | Place    | Note
--------------------------------------------------------------
     0 | D:1      | Kae, the Tengu Fire Elementalist, began the quest for the Orb.
     0 | D:1      | Reached XP level 1. HP: 10/10 MP: 3/3
   289 | D:1      | Reached XP level 2. HP: 9/15 MP: 5/5
  1223 | D:1      | Reached XP level 3. HP: 19/19 MP: 7/7
  1783 | D:2      | Reached skill level 4 in Fire Magic
  2040 | D:3      | Found a snail-covered altar of Cheibriados.
  2185 | D:3      | Reached XP level 4. HP: 22/24 MP: 8/8
  2619 | D:3      | Reached XP level 5. HP: 5/28 MP: 9/11
  3073 | D:3      | Reached skill level 5 in Fire Magic
  3327 | D:4      | Reached skill level 5 in Conjurations
  3372 | D:4      | Noticed Pikel
  3374 | D:4      | Noticed a slave
  3375 | D:4      | Noticed a slave
  3539 | D:3      | Learned a level 2 spell: Throw Flame
  3543 | D:3      | Learned a level 3 spell: Conjure Flame
  3681 | D:4      | Noticed a slave
  3694 | D:4      | Killed a slave
  3800 | D:3      | Killed a slave
  3867 | D:4      | Noticed a slave
  3889 | D:4      | Killed Pikel
  3889 | D:4      | Reached skill level 7 in Conjurations
  3889 | D:4      | Reached XP level 6. HP: 4/32 MP: 0/12
  3889 | D:4      | Reached XP level 7. HP: 4/36 MP: 0/14
  4189 | D:4      | Found Okan's General Store.
  4225 | D:4      | Noticed Ijyb
  4240 | D:4      | Killed Ijyb
  4871 | D:4      | Noticed Edmund
  4895 | D:4      | Killed Edmund
  4895 | D:4      | Reached skill level 8 in Conjurations
  5183 | D:4      | Reached XP level 8. HP: 41/41 MP: 8/16
  5242 | D:5      | Entered Level 5 of the Dungeon
  5489 | D:5      | Learned a level 4 spell: Sticky Flame
  5894 | D:5      | Reached skill level 9 in Conjurations
  7018 | D:6      | Reached skill level 10 in Conjurations
  7291 | D:6      | Found Fesufeg's Distillery.
  7301 | D:6      | Bought a potion of mutation for 30 gold pieces
  7301 | D:6      | Bought a potion of curing for 20 gold pieces
  7337 | D:6      | Reached XP level 9. HP: 30/45 MP: 8/17
  7851 | D:6      | Found a glowing drain.
  7870 | Sewer    | Entered a sewer
  8241 | Sewer    | Reached skill level 11 in Conjurations
  8256 | Sewer    | Found a white marble altar of Elyvilon.
  9176 | D:7      | Reached skill level 10 in Fire Magic
  9440 | D:7      | Found a staircase to the Ecumenical Temple.
  9473 | Temple   | Entered the Ecumenical Temple
  9625 | Temple   | Became a worshipper of Vehumet
 10151 | D:7      | Found a basalt altar of Yredelemnul.
 10174 | D:7      | Noticed a griffon
 10328 | D:7      | Noticed a spriggan baker
 10339 | D:7      | Slain by a spriggan baker

Action                   |  1- 3 |  4- 6 |  7- 9 || total
-------------------------+-------+-------+-------++-------
Melee: Unarmed           |    12 |       |       ||    12
       Short sword       |    55 |    22 |   108 ||   185
Throw: Tomahawk          |       |     5 |       ||     5
 Cast: Flame Tongue      |    41 |    75 |   242 ||   358
       Conjure Flame     |       |     2 |    12 ||    14
       Throw Flame       |       |       |    14 ||    14
       Sticky Flame      |       |       |    13 ||    13
 Abil: Fly               |       |       |     2 ||     2
Evoke: Wand              |     1 |     4 |       ||     5
  Use: Scroll            |     1 |       |    13 ||    14
       Potion            |       |     1 |     8 ||     9
 Stab: Sleeping          |       |       |     4 ||     4
